 Dungeon Crawl Stone Soup version 0.28-a0-1435-g82390b3a13 (webtiles) character file.

Game seed: 16562420088518904540

8 HallandMoats the Skirmisher (level 2, -2/24 HPs)
             Began as a Demonspawn Fighter on Jan 9, 2022.
             Slain by a rat (3 damage)
             ... on level 1 of the Dungeon.
             The game lasted 00:00:19 (187 turns).

HallandMoats the Skirmisher (Demonspawn Fighter)     Turns: 187, Time: 00:00:20

Health: -2/24      AC:  6    Str: 16    XL:     2   Next: 0%
Magic:  2/2        EV:  9    Int:  9    God:
Gold:   27         SH:  4    Dex: 12    Spells: 1/1 levels left

rFire   . . .      SeeInvis .   a - +0 war axe
rCold   . . .      Faith    .   c - +0 buckler
rNeg    . . .      Spirit   .   b - +0 scale mail
rPois   .          Reflect  .   (no helmet)
rElec   .          Harm     .   (no cloak)
rCorr   .          Rampage  .   (no gloves)
Will    .....                   (no boots)
Stlth   ..........              (no amulet)
HPRegen 0.08/turn               (no ring)
MPRegen 0.08/turn               (no ring)

@: no status effects
A: powered by pain 1
a: no special abilities


You were on level 1 of the Dungeon.
You visited 1 branch of the dungeon, and saw 1 of its levels.

You collected 27 gold pieces.

Inventory:

Hand Weapons
 a - a +0 war axe (weapon)
Armour
 b - a +0 scale mail (worn)
 c - a +0 buckler (worn)
Scrolls
 f - a scroll of vulnerability {unknown}
Potions
 d - a potion of might
 e - a potion of brilliance {unknown}


   Skills:
 * Level 3.1 Fighting
 * Level 2.0 Axes
 + Level 2.8 Armour
 + Level 0.3 Dodging
 + Level 2.7 Shields


You had one spell level left.
You didn't know any spells.
Your spell library was empty.

Dungeon Overview and Level Annotations

Branches:
Dungeon (1/15)

Altars:


Innate Abilities, Weirdness & Mutations

You sometimes gain a little power by taking damage.


Message History

The frilled lizard bites you. The rat bites you. The frilled lizard bites you.
The rat barely misses you. The frilled lizard bites you.
The rat closely misses you. You block the frilled lizard's attack.
You block the rat's attack. The frilled lizard closely misses you.
The rat barely misses you. The frilled lizard misses you.
You block the rat's attack. You block the frilled lizard's attack.
The rat bites you but does no damage. The frilled lizard barely misses you.
The rat bites you but does no damage. The frilled lizard bites you.
* * * LOW HITPOINT WARNING * * *
The rat completely misses you.
The frilled lizard unfolds its giant frill.
The frilled lizard bites you but does no damage.
You block the rat's attack. The frilled lizard closely misses you.
The rat bites you but does no damage. The frilled lizard bites you.
* * * LOW HITPOINT WARNING * * *
The rat bites you but does no damage.
The frilled lizard bites you but does no damage.
The rat bites you but does no damage.
The frilled lizard bites you but does no damage.
The rat completely misses you.
The frilled lizard bites you but does no damage.
The rat misses you. The frilled lizard barely misses you. The rat bites you.
* * * LOW HITPOINT WARNING * * *
You block the frilled lizard's attack. The rat bites you but does no damage.
You block the frilled lizard's attack. The rat bites you but does no damage.
The frilled lizard barely misses you. The rat barely misses you.
The frilled lizard closely misses you. The rat bites you but does no damage.
The frilled lizard bites you.
* * * LOW HITPOINT WARNING * * *
The rat barely misses you. The frilled lizard bites you.
* * * LOW HITPOINT WARNING * * *
The rat bites you but does no damage.
The frilled lizard bites you but does no damage.
The rat closely misses you. You block the frilled lizard's attack.
The rat bites you.
You die...

...######.####..#
#####.## #..#
####
######......#
#..# #...
........###.#
#..# #.##
#####...# .# #..#
#..)# .# #..#
#..†# .# #..#
######...# .# ###
#...(.l@.# ..
#...##.####r#.# #
#...†..# ...#.#
#..######
#..#####.###..>
......... ... #
.... #####... .
..... ##...#
(..... #...##
....... ##...#
#...##


You could see a frilled lizard and a rat.

Vanquished Creatures
  A dart slug (D:1)
  A ball python (D:1)
  A giant cockroach (D:1)
  A hobgoblin (D:1)
  A kobold (D:1)
5 creatures vanquished.

Notes
Turn   | Place    | Note
-------+----------+-------------------------------------------
     0 | D:1      | HallandMoats the Demonspawn Fighter began the quest for the
                  | Orb.
     0 | D:1      | Reached XP level 1. HP: 18/18 MP: 1/1
    89 | D:1      | Gained mutation: You sometimes gain a little power by
                  | taking damage. [demonic ancestry]
    89 | D:1      | Reached XP level 2. HP: 20/24 MP: 2/2
   185 | D:1      | HP: 1/24 [frilled lizard (1)]
   187 | D:1      | Slain by a rat

Illustrated notes

Levels and vault maps discovered:
D:1:      evilmike_arrival_crescent, layout_loops_ring, serial_shops, shop

Skill      XL: |  1 |
---------------+----+-----
Axes           | 2 |  2.0
Fighting       | |  3.1
Armour         | |  2.8
Dodging        | |  0.3
Shields        | |  2.7

Action                   || total
-------------------------++-------
Melee: War axe           ||    15
Armor: Scale mail        ||    48
Dodge: Dodged            ||    50
Block: Buckler           ||    20

Table legend: (Time is in decaauts)
 A = Elapsed time spent in this place.
 B = Non-inter-level travel time spent in this place.
 C = Inter-level travel time spent in this place.
 D = Time resting spent in this place.
 E = Time spent auto-exploring this place.
 F = Levels seen in this place.
 G = Mean time per level.
                   A        B        C        D        E       F      G
               +--------+--------+--------+--------+--------+-----+--------+
         Total |    194 |    194 |      0 |      0 |     67 |   1 |  194.0 |
       Dungeon |    194 |    194 |      0 |      0 |     67 |   1 |  194.0 |
               +--------+--------+--------+--------+--------+-----+--------+

Top non-repeatable levels by time:
     D:1: 194 daAuts
